 Dungeon Crawl Stone Soup version 0.31-a0-234-gad7ace16ef (webtiles) character file.

Game seed: 532755524424824728

38 Ijustatesigmund the Stinger (level 3, -2/23 HPs)
             Began as an Octopode Venom Mage on July 10, 2023.
             Slain by an orc
             ... wielding a +0 hand axe
              (3 damage)
             ... on level 2 of the Dungeon.
             The game lasted 00:02:01 (1144 turns).

Ijustatesigmund the Stinger (Octopode Venom Mage)   Turns: 1144, Time: 00:02:01

Health: -2/23      AC:  1    Str:  7    XL:     3   Next: 43%
Magic:  1/6        EV: 13    Int: 19    God:
Gold:   20         SH:  0    Dex: 12    Spells: 1/7 levels left

rFire   + . .        b - +0 short sword
rCold   + . .        (no shield)
rNeg    . . .        (helmet restricted)
rPois   +            (no amulet)
rElec   +            (no ring)
rCorr   +            (no ring)
SInv    .            (no ring)
Will    .....        (no ring)
Stlth   +++          (no ring)
HPRegen 0.23/turn    (no ring)
MPRegen 0.10/turn    (no ring)
                     (no ring)

%: no passive effects
@: resistant
A: almost no armour, amphibious, 8 rings, camouflage 1, gelatinous body 1,
(nimble swimmer 1), tentacles
a: no special abilities


You were on level 2 of the Dungeon.
You visited 1 branch of the dungeon, and saw 2 of its levels.

You collected 20 gold pieces.

Inventory:

Hand Weapons
 b - a +0 short sword (weapon)
Scrolls
 e - 3 scrolls of identify {unknown}
Potions
 a - a potion of magic


   Skills:
 - Level 1.2 Fighting
 - Level 2.0 Dodging
 - Level 2.6 Stealth
 + Level 2.5 Spellcasting
 + Level 0.1 Conjurations
 - Level 1.0 Transmutations
 + Level 1.0 Air Magic
 + Level 4.1 Poison Magic


You had one spell level left.
You knew the following spells:

 Your Spells              Type           Power      Damage    Failure   Level
a - Sting                 Tmut/Pois      48%        1d5       5%          1
b - Poisonous Vapours     Pois/Air       24%        N/A       9%          2
c - Mephitic Cloud        Conj/Pois/Air  9%         N/A       22%         3

Your spell library contained the following spells:

 Spells                   Type           Power      Damage    Failure   Level
 Olgreb's Toxic Radiance  Pois           18%        N/A       28%         4
 Dazzling Flash           Conj/Hex       4%         N/A       43%         3
 Volatile Blastmotes      Fire/Tloc      4%         2d10      43%         3
 Iskenderun's Mystic Bla  Conj/Tloc      2%         2d3       83%         4
 Starburst                Conj/Fire      1%         6d3       100%        6


Dungeon Overview and Level Annotations

Branches:
Dungeon (2/15)

Altars:


Innate Abilities, Weirdness & Mutations

You cannot wear most types of armour.
You are amphibious.
You can wear up to eight rings at the same time.
Your skin changes colour to match your surroundings (Stealth+).
Your rubbery body absorbs attacks. (AC +1, EV +1)
((You are camouflaged when in or above water. (Stealth+)))
You have tentacles for arms and can constrict up to eight enemies at once.


Message History

The orc priest hits you but does no damage.
The orc hits you with a +0 short sword.
Casting: Sting (safe; 5% risk of failure)
Confirm with . or Enter, or press ? or * to list all spells.
Aiming: Sting (safe; 5% risk of failure)
Press: ? - help, Shift-Dir - straight line, f/p - orc priest
Aim: an orc priest, wielding a +0 club (moderately wounded, poisoned, 71% to hit)
The sting hits the orc priest.
The orc priest looks even sicker.
The orc priest is heavily wounded.
You constrict the orc. The orc priest misses you. The orc closely misses you.
You barely miss the orc priest. Your grab misses the orc priest.
Your squeeze misses the orc priest.
The orc priest is heavily wounded.
You constrict the orc.
You kill the orc!
The orc priest hits you with a +0 club.
You hit the orc priest but do no damage.
Your grab misses the orc priest.
The orc priest is heavily wounded.
Casting: Sting (safe; 5% risk of failure)
Confirm with . or Enter, or press ? or * to list all spells.
Aiming: Poisonous Vapours (safe; 9% risk of failure)
Press: ? - help, Dir - move target, f/p - orc priest
Aim: an orc priest, wielding a +0 club (heavily wounded, very poisoned) Poisonous vapours surround the orc priest!
The orc priest looks even sicker.
You hit the orc but do no damage. Your grab misses the orc.
Your squeeze misses the orc. The orc hits you with a +0 hand axe!
* * * LOW HITPOINT WARNING * * *
The orc closely misses you.
Unknown command.
You feel better. The orc hits you with a +0 hand axe!
The orc hits you with a +0 dagger.
* * * LOW HITPOINT WARNING * * *
It was a potion of resistance.
You feel protected. The orc closely misses you.
The orc hits you with a +0 dagger.
* * * LOW HITPOINT WARNING * * *
The orc hits you with a +0 hand axe.
You die...

##.# #.....# #..#
#...... .#..# #.#####
.#..# #.# ## .#..# #.#
.####.#[.# #.# .....#..#
##.## # #.#.##..###...##
....###@#.##.........#
#..oo.)....####...##
#.....o...########.#####
#.#####.............<...
#.###.############ ...#
.# ##### #


You could see an orc priest (very poisoned) and 2 orcs.

Vanquished Creatures
  An adder (D:1)
  A dart slug (D:1)
  An orc (D:2)
  An endoplasm (D:2)
  A goblin (D:1)
  4 hobgoblins (D:1)
  3 jackals (D:1)
  2 kobolds
  3 ball pythons (D:1)
  5 bats
  A rat (D:2)
23 creatures vanquished.

Notes
Turn   | Place    | Note
-------+----------+-------------------------------------------
     0 | D:1      | Ijustatesigmund the Octopode Venom Mage began the quest for
                  | the Orb.
     0 | D:1      | Reached XP level 1. HP: 11/11 MP: 3/3
   210 | D:1      | Reached XP level 2. HP: 18/18 MP: 3/5
   213 | D:1      | Learned a level 2 spell: Poisonous Vapours
   657 | D:2      | Reached skill level 1 in Fighting
   657 | D:2      | Reached skill level 4 in Poison Magic
   698 | D:1      | Reached XP level 3. HP: 19/23 MP: 3/6
   705 | D:1      | Learned a level 3 spell: Mephitic Cloud
  1132 | D:2      | Reached skill level 1 in Air Magic
  1143 | D:2      | HP: 1/23 [orc/+0 dagger (4)]
  1144 | D:2      | Slain by an orc

Illustrated notes

Levels and vault maps discovered:
D:1:      lightli_molten_gateway, layout_basic
D:2:      layout_loops_ring, uniq_sigmund

Skill      XL: |  1  2  3 |
---------------+----------+-----
Fighting       | 1 |  1.2
Poison Magic   | 4 |  4.1
Air Magic      | 1 |  1.0
Dodging        | |  2.0
Stealth        | |  2.6
Spellcasting   | |  2.5
Conjurations   | |  0.1
Transmutations | |  1.0

Action                     || total
---------------------------++-------
  Melee: Unarmed           ||    10
         Short sword       ||    43
         Constrict         ||    13
         Tentacles         ||    10
         Punch             ||     1
   Cast: Sting             ||    13
         Poisonous Vapours ||     3
    Use: Potion            ||     3
   Stab: Sleeping          ||     4
 Armour: Skin              ||     9
  Dodge: Dodged            ||    63

Table legend: (Time is in decaauts)
 A = Elapsed time spent in this place.
 B = Non-inter-level travel time spent in this place.
 C = Inter-level travel time spent in this place.
 D = Time resting spent in this place.
 E = Time spent auto-exploring this place.
 F = Levels seen in this place.
 G = Mean time per level.
                   A        B        C        D        E       F      G
               +--------+--------+--------+--------+--------+-----+--------+
         Total |   1146 |   1122 |     24 |    308 |    632 |   2 |  573.0 |
       Dungeon |   1146 |   1122 |     24 |    308 |    632 |   2 |  573.0 |
               +--------+--------+--------+--------+--------+-----+--------+

Top non-repeatable levels by time:
     D:1: 875 daAuts
     D:2: 271 daAuts
